 Dungeon Crawl Stone Soup version 0.22-a0-322-g60b3cfd (webtiles) character file.

194965 ohad the Brawler (level 17, 0/170 HPs)
             Began as a Troll Monk on Mar 27, 2018.
             Was the Champion of Okawaru.
             Slain by a wolf spider (14 damage)
             ... on level 3 of the Spider Nest on Apr 4, 2018.
             The game lasted 01:55:22 (30778 turns).

ohad the Brawler (Troll Monk)                      Turns: 30778, Time: 01:55:23

Health: 0/170      AC: 20    Str: 23    XL:     17   Next: 69%
Magic:  20/20      EV: 13    Int:  6    God:    Okawaru [******]
Gold:   834        SH:  0    Dex: 17    Spells: 16/16 levels left

rFire    + + .     SeeInvis .     - Unarmed
rCold    . . .     Gourm    +   i - +2 large shield {rN+}
rNeg     + . .     Faith    .   n - +5 fire dragon scales
rPois    +         Spirit   .   c - +2 hat
rElec    +         Reflect  .   B - +1 cloak
rCorr    .         Harm     .   (gloves unavailable)
MR       +....                  (boots unavailable)
Stlth    ..........             l - amulet of regeneration
HPRegen  1.18/turn              O - ring "Fuasitzo" {rElec rPois rC+}
MPRegen  0.17/turn              A - +2 ring of slaying

@: confused, about to teleport, corroded
A: large, unfitting armour, claws 3, fast metabolism 3, gourmand, regeneration
1, shaggy fur 1, tough skin 2
}: 1/15 runes: decaying
a: Heroism, Finesse, Renounce Religion


You were on level 3 of the Spider Nest.
You worshipped Okawaru.
Okawaru was exalted by your worship.
You were very full.

You visited 6 branches of the dungeon, and saw 32 of its levels.
You also visited: Labyrinth.

You collected 2489 gold pieces.
You spent 1655 gold pieces at shops.

Inventory:

Missiles
 a - 13 javelins of returning
 m - 8 silver javelins
 F - 7 javelins of penetration
 H - 3 throwing nets
 T - 6 steel tomahawks
 Y - 46 large rocks (quivered)
Armour
 c - a +2 hat (worn)
 i - a +2 large shield of positive energy (worn)
 n - +5 fire dragon scales (worn)
 u - the +1 troll leather armour "Tiydon" {Regen+ Int+2 Dex+4}
   (You found it in a labyrinth)

   It affects your intelligence (+2).
   It affects your dexterity (+4).
   It increases your rate of regeneration.
 z - a +0 hat of see invisible
 B - a +1 cloak (worn)
 L - quicksilver dragon scales
 V - a +1 shield of poison resistance
Jewellery
 g - a +2 amulet of reflection
 h - an uncursed ring of ice
 l - an amulet of regeneration (around neck)
 q - an uncursed ring of resist corrosion
 w - the ring "Casofa" {MR+ Int+2}
   (You found it on level 3 of the Swamp)

   [ring of intelligence]

   It affects your intelligence (+2).
   It affects your resistance to hostile enchantments.
 A - a +2 ring of slaying (right claw)
 I - an uncursed ring of see invisible
 O - the ring "Fuasitzo" (left claw) {rElec rPois rC+}
   (You found it on level 3 of the Swamp)

   [ring of protection from cold]

   It protects you from cold.
   It insulates you from electricity.
   It protects you from poison.
 Q - an uncursed ring of protection from magic
 S - the ring of the Barnacle {rCorr +Inv rF+ rN+}
   (You found it on level 3 of the Swamp)

   [ring of resist corrosion]

   It protects you from fire.
   It protects you from negative energy.
   It lets you turn invisible.
 W - a +1 ring of slaying
 X - an uncursed ring of fire
Wands
 o - a wand of scattershot (7)
Scrolls
 e - 19 scrolls of identify
 f - 10 scrolls of teleportation
 j - 5 scrolls of magic mapping
 s - 9 scrolls of remove curse
 t - 3 scrolls of blinking
 E - 8 scrolls of fear
 G - 3 scrolls of amnesia
 P - a scroll of fog
Potions
 d - 4 potions of resistance
 p - 12 potions of curing
 x - a potion of flight
 D - 3 potions of haste
 J - a potion of berserk rage
 K - 7 potions of heal wounds
 M - 2 potions of magic {unknown}
 N - a potion of agility
Miscellaneous
 k - a fan of gales
 r - a phial of floods
 y - a lamp of fire
 C - 2 phantom mirrors
 R - 2 boxes of beasts
 U - a phial of floods
 Z - a fan of gales
Comestibles
 b - 66 rations


   Skills:
 * Level 11.3 Fighting
 - Level 6.1 Throwing
 + Level 10.4 Armour
 + Level 11.8 Dodging
 - Level 1.6 Stealth
 - Level 10.1 Shields
 - Level 17.2 Unarmed Combat
 - Level 6.4 Invocations
 - Level 4.4 Evocations


You had 16 spell levels left.
You didn't know any spells.

Dungeon Overview and Level Annotations

Branches:
Dungeon (15/15)            Temple (1/1) D:7            Lair (6/6) D:9
  Swamp (4/4) Lair:3       Spider (4/4) Lair:2        Slime (0/5) Lair:6
    Orc (2/2) D:12            Elf (0/3) Orc:2        Vaults (0/5) D:13
 Depths (0/5) D:15

Altars:
Ashenzari
Cheibriados
Dithmenos
Gozag
Nemelex Xobeh
Okawaru
Ru
Trog
Uskayaw
Zin
Beogh
Jiyva

Shops:
D:9 ?   D:11 =   D:13 [   Orc:2 =?[[

Annotations:
D:11 darksquall's ghost, journeyman TrHu


Innate Abilities, Weirdness & Mutations

You are too large for most types of armour.
You have claws for hands.
Your metabolism is lightning-fast.
You like to eat raw meat.
Your natural rate of healing is unusually fast.
You are covered in fur. (AC +1)
You have very tough skin. (AC +2)


Message History

Unknown command.
As you read the scroll of teleportation, it crumbles to dust.
You feel strangely unstable. The tarantella bites you.
* * * LOW HITPOINT WARNING * * *
The redback bites you.
* * * LOW HITPOINT WARNING * * *
You block the wolf spider's attack. x2; The wolf spider hits you!
* * * LOW HITPOINT WARNING * * *
The wolf spider bites you but does no damage.
The redback bites you but does no damage. x2
The redback bites you!
* * * LOW HITPOINT WARNING * * *
You block the demonic crawler's attack.
The demonic crawler hits you but does no damage.
The demonic crawler closely misses you. The tarantella bites you!
* * * LOW HITPOINT WARNING * * *
You are confused.
The redback bites you but does no damage.
The redback barely misses you. The wolf spider hits you!
You die...

##.........#..###....
#.........###....###
##^......####..#.##
###...### #..##..##
##...## #..#....#
#...##### #.#......
##.....^.######....#
##.sss....##.##.....#
#..s@s....#..##......
##.sss......#..#.....
#..............#....
##......##...#......
##....###..........
##....#...........
#####.#.......####
###.###.#......## #.
##.......#......^###.


You could see a demonic crawler, 2 wolf spiders, a tarantella and 4 redbacks.

Vanquished Creatures
  Mara (Swamp:4)
  Nikola (Swamp:2)
  Arachne (Spider:3)
  Kirke (Spider:2)
  2 thorn hunters
  A ghost moth (Spider:3)
  An orc warlord (Orc:2)
  2 entropy weavers (Spider:3)
  Azrael (Spider:3)
  A minotaur (Lab)
  2 spark wasps (Spider:3)
  Snorg (Lair:4)
  The ghost of Amnesiac the Zephyrmancer, a journeyman TeAE of Sif Muna (D:13)
  An ettin (Orc:1)
  A fire dragon (Lair:6)
  A rakshasa (D:15)
  Josephine (D:14)
  4 vault guards (D:13)
  2 ghost crabs (Swamp:2)
  16 hydras
  Fannar (D:12)
  Erica (D:9)
  A centaur warrior (D:13)
  A two-headed ogre (shapeshifter) (D:15)
  6 two-headed ogres
  9 alligators
  7 tengu warriors (D:15)
  2 death yaks (Lair:4)
  Nergalle (Lair:1)
  5 orc high priests (Orc:2)
  An unseen horror (D:13)
  12 swamp dragons
  A deep troll (shapeshifter) (D:15)
  A glowing orange brain (D:15)
  2 lindwurms
  A wolf spider zombie (D:13)
  Pikel (D:6)
  4 harpies (D:15)
  5 shambling mangroves
  14 wolf spiders
  5 orc sorcerers
  2 oklob plants (Lair:1)
  10 orb spiders
  5 orc knights
  9 ugly things
  The ghost of anet the Magician, a novice GnWn of Ashenzari (D:6)
  6 cyclopes
  3 manticores
  An elephant (shapeshifter) (D:15)
  3 centaur zombies
  A moth of wrath (Spider:2)
  2 black mambas
  A torpor snail (Lair:4)
  3 molten gargoyles (Lair:6)
  20 spiny frogs
  A black mamba (shapeshifter) (D:10)
  2 gargoyles (D:10)
  A centaur skeleton (D:14)
  4 rime drakes
  A kobold demonologist (D:12)
  6 demonic crawlers
  7 tengu conjurers
  10 komodo dragons
  7 trolls
  A queen bee (D:10)
  28 jumping spiders
  2 polar bears (Lair:6)
  3 tyrant leeches
  15 blink frogs
  17 hornets
  Prince Ribbit (D:6)
  7 bog bodies
  Grinder (D:4)
  17 slime creatures
  8 hippogriffs
  A meliai zombie (D:13)
  2 vampires
  A centaur simulacrum (D:14)
  46 redbacks
  21 tarantellas
  9 spriggans
  6 wraiths (D:14)
  2 shadows
  3 fire elementals (Spider:3)
  30 yaks
  3 wyverns
  The ghost of galech the Shield-Bearer, an amateur MiFi (D:4)
  4 basilisks
  Eustachio (D:4)
  2 hogs (Spider:2)
  32 vampire mosquitoes
  A hungry ghost (D:10)
  A steam dragon (Lair:6)
  25 swamp worms
  5 wargs
  An acid dragon (D:13)
  8 hell hounds
  11 water moccasins
  7 porcupines
  An eye of draining (D:9)
  7 sky beasts
  4 ice beasts
  11 swamp drakes
  50 orc warriors
  3 phantoms
  A necrophage (D:10)
  11 centaurs
  11 ogres
  13 wolves (Lair:3)
  The ghost of medis the Vandal, an amateur HaHu (D:7)
  11 crocodiles
  3 big kobolds
  2 gnoll sergeants
  14 bullfrogs
  4 scorpions
  A wyvern skeleton (D:12)
  2 troll zombies (Swamp:2)
  37 killer bees
  3 electric eels
  2 troll skeletons (Swamp:2)
  18 wights
  2 howler monkeys (D:13)
  5 lava snakes (Lair:6)
  3 crimson imps
  3 quasits
  4 jellies
  7 hounds
  35 orc priests
  25 orc wizards
  Crazy Yiuf (D:6)
  2 bullfrog skeletons
  5 iguanas
  7 worker ants
  A hound skeleton (D:5)
  A worker ant zombie (D:5)
  17 gnolls
  11 adders
  2 shadow imps
  2 oozes (D:3)
  3 adder zombies
  An adder skeleton (D:4)
  3 worms
  3 dart slugs
  6 leopard geckos
  125 orcs
  8 bats
  4 giant cockroaches
  5 goblins
  8 hobgoblins
  4 jackals (D:3)
  4 quokkas
  2 ball pythons
  5 frilled lizards
  21 kobolds
  A quokka zombie (D:8)
  6 rats
  2 briar patches (Swamp:4)
1106 creatures vanquished.

Vanquished Creatures (others)
  A spriggan druid (Swamp:3)
  A smoke demon (Swamp:3)
  A hornet (Swamp:2)
  A human (Spider:2)
  A swamp drake (Swamp:3)
  An orc priest (Orc:2)
  An orc wizard (D:5)
  An orc (D:15)
  A briar patch (Swamp:4)
  5 fungi (Lair:6)
  2 plants
16 creatures vanquished.

Grand Total: 1122 creatures vanquished

Notes
Turn   | Place    | Note
-------+----------+-------------------------------------------
     0 | D:1      | ohad the Troll Monk began the quest for the Orb.
     0 | D:1      | Reached XP level 1. HP: 22/22 MP: 0/0
   244 | D:1      | Reached XP level 2. HP: 29/29 MP: 1/1
   678 | D:2      | Reached XP level 3. HP: 35/36 MP: 2/2
   835 | D:2      | Reached XP level 4. HP: 44/44 MP: 3/3
   980 | D:2      | Reached skill level 4 in Unarmed Combat
  1534 | D:3      | Reached XP level 5. HP: 52/52 MP: 4/4
  1945 | D:4      | Reached skill level 1 in Shields
  1986 | D:4      | Noticed a phantom
  2020 | D:4      | Killed a phantom
  2020 | D:4      | Reached XP level 6. HP: 55/61 MP: 5/5
  2105 | D:4      | Noticed galech's ghost (amateur MiFi)
  2208 | D:4      | Found a shadowy altar of Dithmenos.
  2443 | D:4      | Noticed Eustachio
  2460 | D:4      | Killed Eustachio
  2460 | D:4      | Reached XP level 7. HP: 55/67 MP: 6/6
  2670 | D:4      | Killed galech's ghost
  2670 | D:4      | Reached skill level 5 in Shields
  2714 | D:4      | Noticed Grinder
  2718 | D:4      | Paralysed by Grinder for 6 turns
  2731 | D:4      | Paralysed by Grinder for 4 turns
  2743 | D:4      | Killed Grinder
  2969 | D:4      | Found a sacrificial altar of Ru.
  3063 | D:5      | Entered Level 5 of the Dungeon
  3094 | D:5      | Reached XP level 8. HP: 65/75 MP: 7/7
  3793 | D:5      | Reached skill level 5 in Unarmed Combat
  3864 | D:6      | Noticed anet's ghost (novice GnWn)
  3955 | D:6      | Noticed Prince Ribbit
  4023 | D:6      | Noticed Pikel
  4047 | D:6      | Killed Pikel
  4047 | D:6      | Reached skill level 7 in Unarmed Combat
  4149 | D:6      | Found a runed door.
  4153 | D:6      | Noticed Crazy Yiuf
  4158 | D:6      | Killed Crazy Yiuf
  4193 | D:6      | Reached XP level 9. HP: 68/81 MP: 8/8
  4258 | D:6      | Killed Prince Ribbit
  4468 | D:7      | Noticed medis's ghost (amateur HaHu)
  4485 | D:6      | Reached skill level 8 in Unarmed Combat
  4548 | D:7      | Killed medis's ghost
  4732 | D:6      | Killed anet's ghost
  4732 | D:6      | Reached skill level 9 in Unarmed Combat
  5157 | D:7      | Reached skill level 10 in Unarmed Combat
  5442 | D:7      | Found a shattered altar of Ashenzari.
  5545 | D:7      | Found a staircase to the Ecumenical Temple.
  5598 | Temple   | Entered the Ecumenical Temple
  5605 | Temple   | Became a worshipper of Warmaster Okawaru
  5605 | Temple   | Reached * piety under Okawaru
  5605 | Temple   | Reached ** piety under Okawaru
  5702 | D:7      | Reached skill level 1 in Invocations
  6188 | D:8      | Reached XP level 10. HP: 91/91 MP: 11/11
  6808 | D:9      | Noticed Erica
  6825 | D:9      | Killed Erica
  6924 | D:9      | Found Qixanim's Magic Scroll Boutique.
  6932 | D:9      | Reached *** piety under Okawaru
  6939 | D:9      | Bought a scroll of remove curse for 48 gold pieces
  6939 | D:9      | Bought a scroll of magic mapping for 56 gold pieces
  6939 | D:9      | Bought a scroll of teleportation for 48 gold pieces
  6939 | D:9      | Bought a scroll of fog for 32 gold pieces
  6957 | D:9      | Reached skill level 5 in Fighting
  7195 | D:9      | Found a staircase to the Lair.
  7396 | D:10     | Entered Level 10 of the Dungeon
  7396 | D:10     | Noticed a gargoyle
  7408 | D:10     | Killed a gargoyle
  7411 | D:10     | Noticed a two-headed ogre
  7495 | D:10     | Killed a two-headed ogre
  7495 | D:10     | Reached **** piety under Okawaru
  7575 | D:10     | Noticed a black mamba
  7575 | D:10     | a hornet changed into a black mamba
  7578 | D:10     | Killed a black mamba
  7578 | D:10     | Reached XP level 11. HP: 49/111 MP: 13/13
  7897 | D:10     | Reached ***** piety under Okawaru
  8125 | D:10     | Reached skill level 5 in Dodging
  9043 | D:11     | Noticed a brown ugly thing
  9054 | D:11     | Killed a brown ugly thing
  9102 | D:11     | Reached skill level 1 in Throwing
  9154 | D:11     | Noticed darksquall's ghost (journeyman TrHu)
  9271 | D:11     | Found Keatik's Jewellery Emporium.
  9419 | D:11     | Noticed a two-headed ogre
  9424 | D:11     | Killed a two-headed ogre
  9424 | D:11     | Received a gift from Okawaru
  9668 | D:11     | Noticed a cyan ugly thing
  9673 | D:11     | Killed a cyan ugly thing
  9896 | D:12     | Noticed a cyan ugly thing
  9907 | D:12     | Killed a cyan ugly thing
 10014 | D:12     | Reached skill level 5 in Throwing
 10111 | D:12     | Noticed a two-headed ogre
 10120 | D:12     | Killed a two-headed ogre
 10120 | D:12     | Reached XP level 12. HP: 119/119 MP: 14/14
 10301 | D:12     | Noticed a seven-headed hydra
 10436 | Lair:1   | Entered Level 1 of the Lair of Beasts
 10514 | Lair:1   | Noticed Nergalle
 10526 | Lair:1   | Killed Nergalle
 10563 | Lair:1   | Noticed an eight-headed hydra
 10568 | Lair:1   | Killed an eight-headed hydra
 10568 | Lair:1   | Reached skill level 11 in Unarmed Combat
 10978 | Lair:1   | Reached skill level 12 in Unarmed Combat
 11524 | Lair:2   | Found a hole to the Spider Nest.
 11636 | Lair:2   | Received a gift from Okawaru
 12221 | Lair:3   | Reached skill level 13 in Unarmed Combat
 12497 | Lair:3   | Received a gift from Okawaru
 12538 | Lair:3   | Found a hide-covered altar of Uskayaw.
 12720 | Lair:3   | Reached ****** piety under Okawaru
 12758 | Lair:3   | Found a staircase to the Swamp.
 13078 | Lair:4   | Noticed Snorg
 13086 | Lair:4   | Killed Snorg
 13086 | Lair:4   | Reached XP level 13. HP: 127/127 MP: 13/15
 13133 | Lair:4   | Reached skill level 14 in Unarmed Combat
 13215 | Lair:4   | Found a labyrinth entrance.
 13239 | Lab      | Entered a labyrinth
 13292 | Lab      | Noticed a minotaur
 13303 | Lab      | Killed a minotaur
 13312 | Lab      | Identified Ilahyroa's Grimoire of the Displaced Blaze
 13314 | Lab      | Got a brightly glowing troll leather armour
 13325 | Lab      | Identified the cursed +1 troll leather armour "Tiydon" {Regen+ Int+2 Dex+4} (You found it in a labyrinth)
 13504 | Lair:3   | Received a gift from Okawaru
 14090 | Lair:5   | Received a gift from Okawaru
 14636 | Lair:6   | Entered Level 6 of the Lair of Beasts
 14766 | Lair:6   | Received a gift from Okawaru
 14890 | Lair:6   | Found a staircase to the Slime Pits.
 14890 | Lair:6   | Found a viscous altar of Jiyva.
 15010 | Lair:6   | Reached skill level 10 in Shields
 15074 | Lair:6   | Received a gift from Okawaru
 15155 | Lair:6   | Found a large runed door.
 15198 | Lair:6   | Found a large runed door.
 15198 | Lair:6   | Noticed a fire dragon
 15275 | Lair:6   | Received a gift from Okawaru
 15396 | Lair:6   | Killed a fire dragon
 16290 | D:12     | Noticed Fannar
 16303 | D:12     | Killed Fannar
 16303 | D:12     | Reached XP level 14. HP: 136/136 MP: 16/16
 16875 | D:12     | Found a staircase to the Orcish Mines.
 16954 | D:12     | Reached skill level 10 in Dodging
 17178 | D:13     | Found Bamakhlek's Specialty Armours.
 17345 | D:13     | Found a gate to the Vaults.
 17422 | D:13     | Received a gift from Okawaru
 17617 | D:13     | Noticed Amnesiac's ghost (journeyman TeAE)
 17632 | D:13     | Killed Amnesiac's ghost
 18405 | D:14     | Noticed Josephine
 18414 | D:14     | Killed Josephine
 18414 | D:14     | Received a gift from Okawaru
 18548 | D:15     | Entered Level 15 of the Dungeon
 18619 | D:15     | Received a gift from Okawaru
 18849 | D:15     | Found a staircase to the Depths.
 19170 | D:15     | Reached XP level 15. HP: 128/149 MP: 17/17
 19213 | D:15     | Reached skill level 10 in Fighting
 19420 | D:15     | Identified the Grimoire of Cobwebs
 19810 | Orc:1    | Entered Level 1 of the Orcish Mines
 20374 | Orc:2    | Entered Level 2 of the Orcish Mines
 20525 | Orc:2    | Received a gift from Okawaru
 20927 | Orc:2    | Found a staircase to the Elven Halls.
 21252 | Orc:2    | Found a roughly hewn altar of Beogh.
 21288 | Orc:2    | Found Hejitem's Armour Boutique.
 21306 | Orc:2    | Bought a +2 hat for 192 gold pieces
 21348 | Orc:2    | Found Reamy's Armour Shop.
 21368 | Orc:2    | Bought +2 fire dragon scales for 1152 gold pieces
 21442 | Orc:2    | Reached skill level 1 in Armour
 21665 | Orc:2    | Received a gift from Okawaru
 21676 | Orc:2    | Found Dacluut's Jewellery Boutique.
 21730 | Orc:2    | Found a roughly hewn altar of Beogh.
 21730 | Orc:2    | Noticed an orc warlord
 21761 | Orc:2    | Killed an orc warlord
 21963 | Orc:2    | Found Fusoimez's Magic Scroll Emporium.
 22006 | Orc:2    | Bought a scroll of blinking for 127 gold pieces
 22514 | Swamp:1  | Entered Level 1 of the Swamp
 22944 | Swamp:1  | Reached skill level 5 in Armour
 23850 | Swamp:2  | Found a bloodstained altar of Trog.
 23886 | Swamp:2  | Received a gift from Okawaru
 23930 | Swamp:2  | Received a gift from Okawaru
 23930 | Swamp:2  | Reached XP level 16. HP: 25/162 MP: 18/18
 24089 | Swamp:2  | Noticed Nikola
 24112 | Swamp:2  | Killed Nikola
 24727 | Swamp:2  | Received a gift from Okawaru
 24977 | Swamp:3  | Found a transporter.
 24986 | Swamp:3  | Noticed a thorn hunter
 24995 | Swamp:3  | Killed a thorn hunter
 25456 | Swamp:3  | Found a transporter.
 25494 | Swamp:3  | Reached skill level 10 in Armour
 25647 | Swamp:3  | Got a shimmering silver ring
 25651 | Swamp:3  | Got a scorched lapis lazuli ring
 25665 | Swamp:3  | Got a sparkling pewter ring
 25671 | Swamp:3  | Identified the ring "Fuasitzo" {rElec rPois rC+} (You found it on level 3 of the Swamp)
 25673 | Swamp:3  | Identified the ring "Casofa" {MR+ Int+2} (You found it on level 3 of the Swamp)
 25675 | Swamp:3  | Identified the ring of the Barnacle {rCorr +Inv rF+ rN+} (You found it on level 3 of the Swamp)
 25688 | Swamp:3  | Got a crystal great mace
 25734 | Swamp:3  | Identified the +5 great mace of Detit {freeze, rPois Int-3 Dex+3 SInv} (You found it on level 3 of the Swamp)
 26097 | Swamp:4  | Entered Level 4 of the Swamp
 26397 | Swamp:4  | Received a gift from Okawaru
 26407 | Swamp:4  | Noticed Mara
 26411 | Swamp:4  | Noticed ohad's illusion
 26421 | Swamp:4  | Killed Mara
 26421 | Swamp:4  | Reached skill level 15 in Unarmed Combat
 26494 | Swamp:3  | Upgraded the game from 0.22-a0-303-g4a852b3 to 0.22-a0-305-gd21a89c
 26494 | Swamp:3  | Upgraded the game from 0.22-a0-305-gd21a89c to 0.22-a0-322-g60b3cfd
 26701 | Swamp:4  | Noticed a thorn hunter
 26712 | Swamp:4  | Killed a thorn hunter
 26737 | Swamp:4  | Got a decaying rune of Zot
 26761 | Swamp:4  | Received a gift from Okawaru
 26838 | Swamp:4  | Reached skill level 16 in Unarmed Combat
 27394 | Spider:1 | Entered Level 1 of the Spider Nest
 27443 | Spider:1 | Reached skill level 1 in Evocations
 27514 | Spider:1 | Reached XP level 17. HP: 165/170 MP: 19/19
 27542 | Spider:1 | You fall through a shaft!
 27655 | Spider:2 | Noticed Kirke
 27771 | Spider:2 | Killed Kirke
 28058 | Spider:2 | Reached skill level 5 in Invocations
 29201 | Spider:2 | Received a gift from Okawaru
 29322 | Spider:3 | Noticed Azrael
 29335 | Spider:3 | Killed Azrael
 29340 | Spider:3 | Received a gift from Okawaru
 29608 | Spider:3 | Noticed Arachne
 29622 | Spider:3 | Killed Arachne
 29910 | Spider:3 | Reached skill level 17 in Unarmed Combat
 30577 | Spider:4 | Entered Level 4 of the Spider Nest
 30778 | Spider:3 | Slain by a wolf spider

Vault maps used:
D:1:      minmay_arrival_split_and_join, minmay_pentomino_w2
D:4:      nicolae_ru_path_of_blood, nicolae_dithmenos_the_darkroom,
          uniq_grinder, uniq_eustachio
D:5:      first_ration, grunt_decor_one_mirror, grunt_ministairs_15,
          minmay_misc_feat_alley, minmay_misc_feat_rows
D:6:      uniq_pikel, uniq_crazy_yiuf_cottage, uniq_prince_ribbit1
D:7:      minmay_temple_entry_nine_rooms, basic_altar
D:9:      lair_entry_dummy, serial_shops, shop_scrolls, uniq_erica
D:10:     serial_undead, serial_undead_e, serial_undead_a, serial_undead_c,
          serial_undead_d, special_room, minmay_sticks_and_stones
D:11:     minmay_weird_star, serial_shops, nicolae_shop_behind_doors,
          grunt_ogre_cave
D:12:     erik_orc_2, uniq_fannar
D:13:     lightli_vaults_fourway_checkpoint, nicolae_barding_shop
D:14:     minmay_door_square, uniq_josephine
D:15:     gammafunk_enter_depths_forms, minmay_misc_feat_cross,
          hangedman_aviary, uniq_agnes
Temple:   nicolae_temple_the_god_donut
Lair:1:   dpeg_oklob_gauntlet, uniq_nergalle
Lair:2:   spider_nest_entry_web_field, special_room, lemuel_old_faithful,
          grunt_megastairs_5
Lair:3:   nicolae_swamp_entry_splash_gauntlet, basic_altar
Lair:4:   serial_forest, infiniplex_forest_zigzag_1,
          infiniplex_forest_lined_corner, infiniplex_forest_end_double,
          infiniplex_forest_lined_ring, infiniplex_forest_clump_curved,
          lab_entry_generic, grunt_forest_small_clearings, st_stairs_7,
          uniq_snorg
Lair:6:   cheibrodos_lair_end_hotspot, slime_altar_1
Swamp:1:  evilmike_swamp_ruin_house_6
Swamp:2:  nicolae_swamp_very_dense_foliage, swamp_pool3, nicolae_swamp_godswood,
          cheibrodos_swamp_minitomb, uniq_nikola
Swamp:3:  gammafunk_its_a_trap, serial_swamp_ruin, evilmike_swamp_ruin_house_3,
          evilmike_swamp_ruin_rubble_1, infiniplex_staircase_pool
Swamp:4:  swamp_alternative, uniq_mara
Spider:2: uniq_kirke
Spider:3: spider_trap, uniq_arachne, uniq_azrael
Spider:4: guppyfry_spider_rune, zaba_anthell
Orc:1:    statue_in_the_mist_lemuel
Orc:2:    pubby_orc_utopia
Lab:      labyrinth_watery, lab_statue

Skill      XL: |  1  2  3  4  5  6  7  8  9 10 11 12 13 14 15 16 17 |
---------------+----------------------------------------------------+-----
Dodging        | 3 7 9 11 | 11.8
Unarmed Combat | 4 7 10 13 14 16 17 | 17.2
Fighting       | 3 8 9 11 | 11.3
Shields        | 2 4 6 7 10 | 10.1
Invocations    | 3 4 6 |  6.4
Throwing       | 5 6 |  6.1
Armour         | 7 10 | 10.4
Evocations     | 1 4 |  4.4
Stealth        | |  1.6

Action                   |  1- 3 |  4- 6 |  7- 9 | 10-12 | 13-15 | 16-18 || total
-------------------------+-------+-------+-------+-------+-------+-------++-------
Melee: Unarmed           |    47 |   207 |   426 |   818 |  1711 |   918 ||  4127
Throw: Javelin           |       |       |     5 |     5 |     6 |     2 ||    18
       Large rock        |       |       |       |    20 |    20 |    83 ||   123
Invok: Heroism           |       |       |       |    11 |    23 |    19 ||    53
Evoke: Lamp of fire      |       |       |       |       |       |     1 ||     1
  Use: Potion            |       |       |     5 |     2 |     2 |     2 ||    11
       Scroll            |       |       |     6 |     9 |     8 |     1 ||    24
 Stab: Sleeping          |     4 |     3 |     2 |    10 |     9 |       ||    28
       Distracted        |       |       |       |     1 |     2 |       ||     3
       Confused          |       |       |       |       |       |     1 ||     1
  Eat: Chunk             |    13 |    11 |    39 |    66 |   100 |    64 ||   293
Armor: Robe              |    15 |    37 |    90 |   145 |     3 |       ||   290
       Skin              |       |       |    20 |       |       |       ||    20
       Troll leather arm |       |       |       |       |   222 |       ||   222
       Fire dragon scale |       |       |       |       |   112 |   663 ||   775
       Quicksilver drago |       |       |       |       |    33 |       ||    33
Dodge: Dodged            |    22 |    67 |   152 |   355 |  1008 |   833 ||  2437
Block: Shield            |       |    56 |   236 |   447 |  1149 |   432 ||  2320
       Large shield      |       |       |       |       |       |   714 ||   714

Table legend:
 A = Spawn XP
 B = Non-spawn XP
 C = Spawn XP percentage of total XP
 D = Spawn monster count
 E = Non-spawn monster count
 F = Spawn count percentage of total count
 G = Total turns spent on level
                    A         B        C        D         E        F      G
               +---------+---------+-------+---------+---------+-------+---------
         Total |       0 |  267413 |   0.0 |       0 |    1106 |   0.0 | 30778
               +---------+---------+-------+---------+---------+-------+---------
           D:1 |       0 |      32 |   0.0 |       0 |      17 |   0.0 |   672
           D:2 |       0 |     112 |   0.0 |       0 |      21 |   0.0 |   600
           D:3 |       0 |     104 |   0.0 |       0 |      30 |   0.0 |   705
           D:4 |       0 |    1037 |   0.0 |       0 |      12 |   0.0 |  1086
           D:5 |       0 |     814 |   0.0 |       0 |      25 |   0.0 |   786
           D:6 |       0 |    1796 |   0.0 |       0 |       8 |   0.0 |   950
           D:7 |       0 |    1038 |   0.0 |       0 |      35 |   0.0 |  1049
           D:8 |       0 |    1291 |   0.0 |       0 |      23 |   0.0 |   825
           D:9 |       0 |    3561 |   0.0 |       0 |      32 |   0.0 |  1018
          D:10 |       0 |    6181 |   0.0 |       0 |      54 |   0.0 |  1254
          D:11 |       0 |    3749 |   0.0 |       0 |      30 |   0.0 |  1205
          D:12 |       0 |   12867 |   0.0 |       0 |      86 |   0.0 |  1592
          D:13 |       0 |   11389 |   0.0 |       0 |      37 |   0.0 |   718
          D:14 |       0 |    6869 |   0.0 |       0 |      28 |   0.0 |   728
          D:15 |       0 |   20663 |   0.0 |       0 |      43 |   0.0 |  1176
        Lair:1 |       0 |    6482 |   0.0 |       0 |      23 |   0.0 |  1014
        Lair:2 |       0 |    2482 |   0.0 |       0 |      12 |   0.0 |   858
        Lair:3 |       0 |    8035 |   0.0 |       0 |      41 |   0.0 |  1201
        Lair:4 |       0 |    5938 |   0.0 |       0 |      16 |   0.0 |   695
        Lair:5 |       0 |    1792 |   0.0 |       0 |       5 |   0.0 |   720
        Lair:6 |       0 |   15877 |   0.0 |       0 |      54 |   0.0 |  1431
       Swamp:1 |       0 |    3488 |   0.0 |       0 |      13 |   0.0 |   863
       Swamp:2 |       0 |   29028 |   0.0 |       0 |      67 |   0.0 |  1486
       Swamp:3 |       0 |   20020 |   0.0 |       0 |      46 |   0.0 |  1385
       Swamp:4 |       0 |   25082 |   0.0 |       0 |      38 |   0.0 |  1001
      Spider:1 |       0 |   11912 |   0.0 |       0 |      42 |   0.0 |   909
      Spider:2 |       0 |   18979 |   0.0 |       0 |      58 |   0.0 |   900
      Spider:3 |       0 |   24161 |   0.0 |       0 |      45 |   0.0 |  1563
         Orc:1 |       0 |    2829 |   0.0 |       0 |      28 |   0.0 |   364
         Orc:2 |       0 |   18505 |   0.0 |       0 |     136 |   0.0 |  1910
           Lab |       0 |    1300 |   0.0 |       0 |       1 |   0.0 |    88
               +---------+---------+-------+---------+---------+-------+---------
